 Dungeon Sprint DCSS version 0.30.1-9-gdf580d7c3d (webtiles) character file.

Game seed: 14283817236434529334

185 Heoruswealwe the Thaumaturge (level 5, -2/28 HPs)
             Began as a Deep Elf Conjurer on Oct 10, 2023.
             Was an Initiate of Gozag.
             Slain by a vampire mosquito (10 damage)
             ... in the Dungeon (Sprint IX: "|||||||||||||||||||||||||||||").
             The game lasted 00:03:12 (351 turns).

Heoruswealwe the Thaumaturge (Deep Elf Conjurer)     Turns: 351, Time: 00:03:15

Health: -2/28      AC:  6    Str:  4    XL:     5   Next: 37%
Magic:  11/20      EV: 12    Int: 28    God:    Gozag
Gold:   0          SH:  0    Dex: 13    Spells: 11/25 levels left

rFire   . . .        a - +2 scimitar (flame)
rCold   . . .        (no shield)
rNeg    . . .        c - +0 robe
rPois   .            (no helmet)
rElec   .            h - +0 cloak
rCorr   .            f - +0 pair of gloves
SInv    .            (no boots)
Will    .....        (no amulet)
Stlth   ++           k - +3 ring of intelligence
HPRegen 0.24/turn    j - +2 ring of protection
MPRegen 0.17/turn

%: no teleportation
@: gold aura
A: no striking features
a: Renounce Religion, Potion Petition, Call Merchant, Bribe Branch


You were in the Dungeon.
You worshipped Gozag.
Gozag was noncommittal.
You visited 1 branch

Inventory:

Hand Weapons
 a - a +2 scimitar of flaming (weapon)
Armour
 c - a +0 robe (worn)
 f - a +0 pair of gloves (worn)
 h - a +0 cloak (worn)
Jewellery
 j - a +2 ring of protection (right hand)
 k - a +3 ring of intelligence (left hand)
Wands
 n - a wand of quicksilver (10)
Scrolls
 g - 2 scrolls of blinking
 o - 2 scrolls of amnesia
Potions
 b - 5 potions of magic
 d - 3 potions of heal wounds
 e - a potion of haste
 i - a potion of invisibility
 l - a potion of berserk rage
 m - 5 potions of curing


   Skills:
 - Level 2.4 Dodging
 - Level 2.4 Stealth
 + Level 10.7 Spellcasting
 + Level 9.7 Conjurations


You had 11 spell levels left.
You knew the following spells:

 Your Spells              Type           Power      Damage    Failure   Level
a - Magic Dart            Conj           100%       1d8       1%          1
b - Searing Ray           Conj           100%       2d8       1%          2
c - Dazzling Flash        Conj/Hex       84%        N/A       1%          3
d - Fulminant Prism       Conj/Hex       21%        3d12      4%          4
e - Iskenderun's Mystic   Conj/Tloc      42%        2d10      4%          4

Your spell library contained the following spells:

 Spells                   Type           Power      Damage    Failure   Level


Dungeon Overview and Level Annotations

Branches:
Dungeon (1/1)

Altars:
Cheibriados
Dithmenos
Elyvilon
Fedhas
Gozag
Hepliaklqana
Kikubaaqudgha
Makhleb
Nemelex Xobeh
Okawaru
Qazlal
Ru
Sif Muna
Trog
Uskayaw
Vehumet
Wu Jian
Xom
Yredelemnul
Zin
The Shining One
Jiyva
Lugonu


Message History

(Press . to maintain the ray.)
The orc warrior shouts!
The vampire mosquito barely misses you. The vampire mosquito bites you.
The vampire mosquito draws strength from your injuries!
The searing ray hits the vampire mosquito!
The vampire mosquito is heavily damaged.
The searing ray hits the orc wizard but does no damage.
The orc wizard is almost dead.
The searing ray hits the centaur!
You kill the centaur!
The searing ray hits the yak.
The yak is lightly wounded.
The vampire mosquito bites you!
* * * LOW HITPOINT WARNING * * *
The vampire mosquito draws strength from your injuries!
The vampire mosquito closely misses you.
The orc wizard curses to no one in particular.
The orc wizard casts a spell.
The orc wizard flickers and vanishes!
Deactivating autopickup; reactivate with Ctrl-A.
Your Spellcasting skill gained 2 levels and is now at level 10!
Your Conjurations skill gained 2 levels and is now at level 9!
You have reached level 5!
The searing ray hits the vampire mosquito!
The vampire mosquito is heavily damaged.
The searing ray hits something!
Reactivating autopickup.
You feel a bit more experienced.
The searing ray hits the yak.
The yak is moderately wounded.
The vampire mosquito closely misses you.
The vampire mosquito misses you.
The searing ray hits the vampire mosquito.
The vampire mosquito is severely damaged.
The searing ray hits the yak but does no damage.
The yak is moderately wounded.
The searing ray misses the orc warrior.
You finish channelling your searing ray.
The vampire mosquito bites you!
You die...
Your body crumbles into a pile of gold. ▓▓▓▓▓▓▓▓▓▓▓▓▓▓▓▓▓▓▓▓▓▓▓▓ _______'..)...[.@yY$o.Y. ▓▓▓▓▓▓▓▓▓▓▓▓▓▓▓▓▓▓▓▓▓▓▓▓ $ $$ $ $$$$$$ $$$$$ $ $ $ $$$$$

You could see 2 yaks, an orc warrior and a vampire mosquito.

Vanquished Creatures
  A centaur (D)
  An iguana (D)
  2 orc wizards (D)
  An adder (D)
  An ufetubus (D)
  2 dart slugs (D)
  An orc (D)
  2 endoplasms (D)
  A frilled lizard (D)
12 creatures vanquished.

Notes
Turn   | Place    | Note
-------+----------+-------------------------------------------
     0 | D        | Heoruswealwe the Deep Elf Conjurer began the quest for the
                  | Orb.
     0 | D        | Reached XP level 1. HP: 10/10 MP: 6/6
     9 | D        | Reached skill level 4 in Spellcasting
     9 | D        | Reached skill level 5 in Conjurations
    70 | D        | Reached XP level 2. HP: 15/15 MP: 2/9
    73 | D        | Learned a level 2 spell: Searing Ray
   138 | D        | Reached skill level 7 in Spellcasting
   138 | D        | Reached XP level 3. HP: 19/19 MP: 6/13
   211 | D        | Reached skill level 8 in Spellcasting
   211 | D        | Reached XP level 4. HP: 11/24 MP: 9/16
   277 | D        | Learned a level 3 spell: Dazzling Flash
   282 | D        | Learned a level 4 spell: Fulminant Prism
   287 | D        | Learned a level 4 spell: Iskenderun's Mystic Blast
   287 | D        | Found a snail-covered altar of Cheibriados.
   287 | D        | Found a shadowy altar of Dithmenos.
   287 | D        | Found a white marble altar of Elyvilon.
   287 | D        | Found a blossoming altar of Fedhas.
   287 | D        | Found an opulent altar of Gozag.
   288 | D        | Found a hazy altar of Hepliaklqana.
   289 | D        | Found a viscous altar of Jiyva.
   290 | D        | Found an ancient bone altar of Kikubaaqudgha.
   291 | D        | Found a corrupted altar of Lugonu.
   292 | D        | Found a burning altar of Makhleb.
   293 | D        | Found a sparkling altar of Nemelex Xobeh.
   294 | D        | Found an iron altar of Okawaru.
   295 | D        | Became a worshipper of Gozag Ym Sagoz the Greedy
   296 | D        | Found a stormy altar of Qazlal.
   297 | D        | Found a sacrificial altar of Ru.
   298 | D        | Found a shimmering blue altar of Sif Muna.
   299 | D        | Found a bloodstained altar of Trog.
   300 | D        | Found a hide-covered altar of Uskayaw.
   301 | D        | Found a radiant altar of Vehumet.
   302 | D        | Found an ornate altar of the Wu Jian Council.
   303 | D        | Found a shimmering altar of Xom.
   304 | D        | Found a basalt altar of Yredelemnul.
   305 | D        | Found a glowing silver altar of Zin.
   306 | D        | Found a glowing golden altar of the Shining One.
   347 | D        | Noticed a vampire mosquito
   347 | D        | Noticed a centaur
   347 | D        | Noticed a yak
   347 | D        | Noticed an orc warrior
   347 | D        | Noticed a yak
   349 | D        | Killed a centaur
   350 | D        | Reached skill level 10 in Spellcasting
   350 | D        | Reached XP level 5. HP: 8/28 MP: 13/19
   351 | D        | Slain by a vampire mosquito

Illustrated notes

Levels and vault maps discovered:
D:        linesprint [early_d, line_temple, items_1, d_10, items_2, lair_1,
          lair_end, items_3, orc_1, orc_end, items_4, d_15, swamp_1, shoals_1,
          snake_1, spider_1, d_20, vaults_1, items_5, swamp_end, shoals_end,
          snake_end, spider_end, vaults_end, d_27, items_6, zot_1, zot_end,
          crypt_end, forest_end, elf_end, slime_end, tomb_end, abyss_end,
          pan_hell_end]

Skill      XL: |  1  2  3  4 |
---------------+-------------+-----
Spellcasting   | 4 7 8 10 | 10.7
Conjurations   | 5 6 7 9 |  9.7
Dodging        | |  2.4
Stealth        | |  2.4

Action                     |  1- 3 |  4- 6 || total
---------------------------+-------+-------++-------
   Cast: Magic Dart        |     9 |       ||     9
         Searing Ray       |     2 |     1 ||     3
  Dodge: Dodged            |     3 |     4 ||     7
